 Dungeon Crawl Stone Soup version 0.30-a0-937-ga0a21ad780 (webtiles) character file.

Game seed: 6357650983144181846

105 mopl the Chopper (level 4, 0/41 HPs)
             Began as a Hill Orc Fighter on Mar 24, 2023.
             Slain by a gnoll
             ... wielding a +0 spear
             ... led by a gnoll bouda
              (5 damage)
             ... on level 3 of the Dungeon.
             The game lasted 00:01:43 (1934 turns).

mopl the Chopper (Hill Orc Fighter)                 Turns: 1934, Time: 00:01:45

Health: 0/41       AC:  8    Str: 20    XL:     4   Next: 83%
Magic:  4/4        EV:  9    Int:  8    God:
Gold:   86         SH:  4    Dex: 10    Spells: 3/3 levels left

rFire   . . .      SeeInvis .    a - +0 war axe
rCold   . . .      Faith    .    c - +0 buckler
rNeg    . . .      Spirit   .    b - +0 scale mail
rPois   .          Reflect  .    (no helmet)
rElec   .          Rampage  .    (no cloak)
rCorr   .                        k - +0 pair of gloves
Will    .....                    (no boots) Stlth
                                 j - amulet of regeneration
HPRegen 1.06/turn                (no ring)
MPRegen 0.09/turn                (no ring)

@: brilliant, lethally poisoned (0 -> -2)
A: no striking features
a: no special abilities


You were on level 3 of the Dungeon.
You visited 1 branch of the dungeon, and saw 3 of its levels.

You collected 86 gold pieces.

Inventory:

Hand Weapons
 a - a +0 war axe (weapon)
Missiles
 p - 2 datura-tipped darts (quivered)
 r - 7 poisoned darts
Armour
 b - a +0 scale mail (worn)
 c - a +0 buckler (worn)
 k - a +0 pair of gloves (worn)
Jewellery
 j - an amulet of regeneration (around neck)
Wands
 s - a wand of paralysis (6)
Scrolls
 g - 2 scrolls of teleportation {unknown}
 i - 4 scrolls of magic mapping {unknown}
 l - a scroll of enchant armour {unknown}
 m - a scroll of amnesia {unknown}
 n - 3 scrolls of identify {unknown}
Potions
 d - 2 potions of might
 e - a potion of heal wounds {unknown}
 f - a potion of haste {unknown}
 h - 2 potions of brilliance
 o - a potion of attraction {unknown}
 q - a potion of resistance {unknown}


   Skills:
 + Level 4.3 Fighting
 * Level 4.5 Axes
 + Level 3.9 Armour
 + Level 1.2 Dodging
 - Level 3.2 Shields


You had 3 spell levels left.
You didn't know any spells.
Your spell library was empty.

Dungeon Overview and Level Annotations

Branches:
Dungeon (3/15)

Altars:
Xom


Message History

You closely miss the gnoll. The gnoll hits you but does no damage.
You block the gnoll's attack.
The gnoll hits you with a +1 whip of venom.
You are poisoned.
Unknown command.
You feel very sick. The gnoll hits you but does no damage.
You feel sick.
The gnoll hits you from afar with a +0 spear.
You feel sick. The gnoll completely misses you.
You slash the gnoll!
The gnoll is almost dead.
You feel sick. The gnoll hits you but does no damage.
You are more poisoned.
The gnoll bouda calls upon its god to heal the gnoll.
The gnoll's wounds heal themselves!
You block the gnoll's attack.
The gnoll hits you with a +1 whip of venom.
You are more poisoned.
You slash the gnoll!
You kill the gnoll!
You feel extremely sick. The gnoll barely misses you. x2
Unknown command.
You slash the gnoll!
The gnoll is almost dead.
* * * LOW HITPOINT WARNING * * *
You feel very sick. The gnoll hits you but does no damage.
Unknown command.
It was a potion of brilliance.
You feel clever all of a sudden.
You feel very sick. You block the gnoll's attack. x2
Unknown command.
You hit the gnoll but do no damage.
The gnoll is almost dead.
* * * LOW HITPOINT WARNING * * *
You feel very sick.
The gnoll hits you from afar with a +0 spear.
You die...

...... ....###...# #.#.
...... ....##...# #.#.
......####...##...#####.##
......>#...##...'.....#
#....#...##...#######
#...g#...##...'..#
#..gg#...##...##.###
#..gg#...##...##.#.###
#####@........##.#.##.
#........###.#.##.
#........# #.#....
#........###.#....
.........##...#....
..........##.#...#.#
...........##.#.#.#..
...........##.#.#.###
#.#......


You could see a gnoll bouda and 4 gnolls.

Vanquished Creatures
  2 gnolls
  2 adders
  3 dart slugs
  4 orcs (D:3)
  2 bats (D:2)
  4 endoplasms
  6 giant cockroaches
  5 goblins
  6 hobgoblins
  4 jackals (D:3)
  4 kobolds
  2 quokkas (D:2)
  4 ball pythons
  4 frilled lizards
  3 rats
55 creatures vanquished.

Notes
Turn   | Place    | Note
-------+----------+-------------------------------------------
     0 | D:1      | mopl the Hill Orc Fighter began the quest for the Orb.
     0 | D:1      | Reached XP level 1. HP: 19/19 MP: 1/1
    77 | D:1      | Reached skill level 3 in Axes
    86 | D:1      | Reached XP level 2. HP: 27/27 MP: 2/2
   317 | D:1      | Reached skill level 4 in Fighting
   317 | D:1      | Reached XP level 3. HP: 14/33 MP: 3/3
   604 | D:2      | Found a shimmering altar of Xom.
   738 | D:2      | Reached skill level 4 in Axes
   911 | D:2      | Reached skill level 1 in Dodging
   997 | D:2      | Reached XP level 4. HP: 40/40 MP: 4/4
  1091 | D:2      | Found a faded altar of an unknown god.
  1934 | D:3      | Slain by a gnoll

Illustrated notes

Levels and vault maps discovered:
D:1:      giann_bridges, layout_loops_ring
D:2:      layout_loops_corners, basic_altar,
          shapermc_ecumenical_altar_totnotflames
D:3:      layout_basic

Skill      XL: |  1  2  3 |
---------------+----------+-----
Axes           | 3 4 |  4.5
Fighting       | 4 |  4.3
Dodging        | 1 |  1.2
Armour         | |  3.9
Shields        | |  3.2

Action                     |  1- 3 |  4- 6 || total
---------------------------+-------+-------++-------
  Melee: War axe           |    76 |    69 ||   145
    Use: Potion            |       |     1 ||     1
 Armour: Scale mail        |    42 |    44 ||    86
  Dodge: Dodged            |    40 |    31 ||    71
  Block: Buckler           |     8 |    13 ||    21

Table legend: (Time is in decaauts)
 A = Elapsed time spent in this place.
 B = Non-inter-level travel time spent in this place.
 C = Inter-level travel time spent in this place.
 D = Time resting spent in this place.
 E = Time spent auto-exploring this place.
 F = Levels seen in this place.
 G = Mean time per level.
                   A        B        C        D        E       F      G
               +--------+--------+--------+--------+--------+-----+--------+
         Total |   1986 |   1968 |     18 |      0 |   1598 |   3 |  662.0 |
       Dungeon |   1986 |   1968 |     18 |      0 |   1598 |   3 |  662.0 |
               +--------+--------+--------+--------+--------+-----+--------+

Top non-repeatable levels by time:
     D:2: 896 daAuts
     D:1: 620 daAuts
     D:3: 469 daAuts
